AoeStats
← Kiritastrich

Arabian Desert

509131444Analyzed
1v1 RM · 5d ago on Sep 25, 2026· 24m 7s· 2 players
Game mode
Random Map
Map size
Tiny (2 player)
Population
200
Speed
Normal
Resources
Standard
Victory
Conquest
Starting age
Dark Age
Ending age
Imperial Age
RankedLock teamsTeams togetherTeam positionsShared explorationLock speedFull tech treeHidden civsTurbo modeCheats
Victory
Defeat
🇨🇦 Varangians · Canada
2098
+8
🇷🇺 Varangians · Russia
1897
-8
Kiritastrich
5:33 Loom
8:42 Feudal Age
9:22 Double-Bit Axe
15:37 Wheelbarrow
21:14 Castle Age
19:34 Scale Barding Armor
20:23 Forging
21:01 Bloodlines
21:16 Bloodlines
22:07 Bloodlines
22:00 Husbandry
21:28 Light Cavalry
OS+ | Tiggerr
6:54 Loom
9:09 Feudal Age
9:46 Double-Bit Axe
14:52 Bloodlines
18:25 Fletching
21:33 Castle Age
20:47 Forging
21:28 Scale Barding Armor
21:36 Light Cavalry
22:51 Bow Saw
23:57 Husbandry
Connection lost

Rejoining the realm…

Still unreachable

The connection could not be restored.

Session expired

The server has moved on; the page needs a fresh start.